 Dungeon Crawl Stone Soup version 0.31-a0-1370-gf52a5a9ab3 (webtiles) character file.

Game seed: 243615171844516822

297 Akett the Gusty (level 6, -1/53 HPs)
             Began as an Oni Air Elementalist on Dec 24, 2023.
             Killed by their own static electricity (3 damage)
             ... on level 4 of the Dungeon.
             The game lasted 00:07:57 (2849 turns).

Akett the Gusty (Oni Air Elementalist)              Turns: 2849, Time: 00:07:58

Health: -1/53      AC:  3    Str: 13    XL:     6   Next: 35%
Magic:  2/11       EV:  9    Int: 18    God:
Gold:   111        SH:  0    Dex:  9    Spells: 2/12 levels left

rFire   . . .        (no weapon)
rCold   . . .        (no shield)
rNeg    . . .        a - +0 robe
rPois   .            (helmet restricted)
rElec   .            (no cloak)
rCorr   .            (gloves unavailable)
SInv    .            (boots unavailable)
Will    .....        (no amulet)
Stlth   +            (no ring)
HPRegen 0.28/turn    (no ring)
MPRegen 0.12/turn

%: no passive effects
@: very slightly contaminated, studying Invocations
A: large, unfitting armour, horns 1, tough skin 1, double potion healing,
drunken brawling
a: no special abilities


You were on level 4 of the Dungeon.
You visited 1 branch of the dungeon, and saw 4 of its levels.

You collected 111 gold pieces.

Inventory:

Missiles
 o - 4 poisoned darts
Armour
 a - a +0 robe (worn)
Jewellery
 f - a ring of resist corrosion
 l - a ring of willpower
Wands
 n - a wand of polymorph (7)
Scrolls
 c - a scroll of torment {unknown}
 d - a scroll of enchant weapon {unknown}
 e - a scroll of vulnerability {unknown}
 g - a scroll of fog
 i - a scroll of teleportation {unknown}
 k - a scroll of blinking {unknown}
 q - a scroll of amnesia {unknown}
Potions
 h - a potion of brilliance
 m - a potion of haste {unknown}
 p - a potion of berserk rage {unknown}


   Skills:
 - Level 1.7 Dodging
 - Level 1.4 Stealth
 + Level 3.9 Spellcasting
 * Level 3.5 Conjurations
 * Level 4.4 Air Magic


You had 2 spell levels left.
You knew the following spells:

 Your Spells              Type           Power      Damage    Failure   Level
a - Shock                 Conj/Air       68%        1d7       3%          1
b - Swiftness             Air            19%        N/A       7%          3
c - Static Discharge      Conj/Air       34%        3-5/arc   4%          2
d - Airstrike             Air            9%         2d(2-18)  24%         4

Your spell library contained the following spells:

 Spells                   Type           Power      Damage    Failure   Level
 Magic Dart               Conj           64%        1d6       3%          1
 Blink                    Tloc           6%         N/A       22%         2
 Call Imp                 Summ           6%         N/A       22%         2
 Lesser Beckoning         Tloc           6%         N/A       22%         2
 Gell's Gravitas          Tloc           3%         N/A       41%         3
 Teleport Other           Tloc           3%         N/A       41%         3


Dungeon Overview and Level Annotations

Branches:
Dungeon (4/15)
 Temple: D:4-7

Altars:

Annotations:
D:4 Pikel


Innate Abilities, Weirdness & Mutations

You are too large for most types of armour.
You have a pair of small horns on your head.
You have tough skin. (AC +1)
You gain doubled healing and magic from potions.
Whenever you drink a healing potion, you attack all around you.


Message History

Pikel hits you with a +1 whip of flaming.
* * * LOW HITPOINT WARNING * * *
Pikel burns you.
* * * LOW HITPOINT WARNING * * *
Unknown command.
Casting: Static Discharge (safe; 4% risk of failure)
Confirm with . or Enter, or press ? or * to list all spells.
You miscast Static Discharge.
You are very lightly contaminated with residual magic.
Nothing appears to happen.
The hound barks!
The lemure hits you but does no damage. Pikel barely misses you.
Unknown command.
Unknown command.
Unknown command.
Casting: Static Discharge (safe; 4% risk of failure)
Confirm with . or Enter, or press ? or * to list all spells.
Pikel is struck by an arc of lightning.
Pikel is moderately wounded.
You are struck by an arc of lightning.
* * * LOW HITPOINT WARNING * * *
The lightning grounds out.
The lemure hits you!
* * * LOW HITPOINT WARNING * * *
Pikel zaps a wand.
You resist with some effort.
Unknown command.
Casting: Static Discharge (safe; 4% risk of failure)
Confirm with . or Enter, or press ? or * to list all spells.
Pikel is struck by an arc of lightning.
Pikel is heavily wounded.
The lemure is struck by an arc of lightning.
The lemure is heavily wounded.
Pikel is struck by an arc of lightning.
Pikel is severely wounded.
The hound is struck by an arc of lightning.
The hound is moderately wounded.
The lightning grounds out.
The lemure is struck by an arc of lightning.
The lemure is heavily wounded.
You are struck by an arc of lightning.
You die...

#..........#....##
####.###..........
#.# #......#.# ..#
#..#.#.#.# ####
#..#.#.#.########
#.....5.........#
###...###.####..
#...# #5# #..5#
#@# #...# #K#
..... .5h
...........
.....5....###
.##### .. ..


You could see Pikel, 2 lemures and a hound.

Vanquished Creatures
  2 lemures (D:4)
  A howler monkey (D:3)
  2 hounds (D:4)
  Jessica (D:2)
  Natasha (thrice) (D:3)
  An iguana (D:2)
  4 adders
  2 worms
  A dart slug (D:3)
  A bat (D:2)
  An endoplasm (D:4)
  A giant cockroach (D:1)
  3 goblins
  2 hobgoblins
  2 jackals (D:2)
  4 kobolds
  2 quokkas (D:3)
  6 ball pythons
  A frilled lizard (D:1)
  6 rats
46 creatures vanquished.

Notes
Turn   | Place    | Note
-------+----------+-------------------------------------------
     0 | D:1      | Akett the Oni Air Elementalist began the quest for the Orb.
     0 | D:1      | Reached XP level 1. HP: 16/16 MP: 3/3
   115 | D:1      | Reached skill level 1 in Conjurations
   837 | D:2      | Reached XP level 2. HP: 24/24 MP: 5/5
   872 | D:2      | HP: 1/24 [worm (3)]
   875 | D:2      | Reached skill level 3 in Air Magic
   886 | D:2      | Reached XP level 3. HP: 8/31 MP: 1/7
  1035 | D:2      | Learned a level 3 spell: Swiftness
  1038 | D:2      | Learned a level 2 spell: Static Discharge
  1172 | D:2      | Noticed Jessica
  1175 | D:2      | Killed Jessica
  1176 | D:2      | Reached XP level 4. HP: 31/39 MP: 3/8
  1271 | D:2      | Found a faded altar of an unknown god.
  1797 | D:3      | Noticed Natasha
  1803 | D:3      | Killed Natasha
  1804 | D:3      | Reached XP level 5. HP: 40/45 MP: 1/10
  1978 | D:3      | Reached skill level 4 in Air Magic
  2213 | D:3      | Noticed Natasha
  2218 | D:3      | Killed Natasha
  2226 | D:3      | Learned a level 4 spell: Airstrike
  2285 | D:3      | Noticed Natasha
  2289 | D:3      | Killed Natasha
  2290 | D:3      | Reached XP level 6. HP: 51/53 MP: 7/11
  2832 | D:4      | Noticed Pikel
  2848 | D:4      | HP: 2/53 [lemure[Pikel] (8)]
  2849 | D:4      | Killed from afar by themself

Illustrated notes

Levels and vault maps discovered:
D:1:      eino_arrival_cavern_d, layout_loops_ring
D:2:      layout_rooms, hellmonk_ecumenical_altar_inner_sanctum, uniq_jessica
D:3:      layout_basic, serial_glass, glass_columns_a, glass_columns_c,
          glass_columns_c, glass_columns_b, glass_columns_b,
          kennysheep_pointless_box, solitary_fountain, uniq_natasha
D:4:      layout_loops_cross, corexii_item_surrounded_by_moat, uniq_pikel,
          uniq_eustachio

Skill      XL: |  1  2  3  4  5 |
---------------+----------------+-----
Conjurations   | 1 2 3 |  3.5
Air Magic      | 3 4 |  4.4
Spellcasting   | 3 |  3.9
Dodging        | |  1.7
Stealth        | |  1.4

Action                     |  1- 3 |  4- 6 || total
---------------------------+-------+-------++-------
  Melee: Unarmed           |    40 |     3 ||    43
         Headbutt          |     7 |     2 ||     9
         Punch             |     1 |       ||     1
   Cast: Shock             |    32 |    39 ||    71
         Static Discharge  |     1 |    14 ||    15
         Swiftness         |     1 |       ||     1
    Use: Potion            |     2 |     2 ||     4
         Scroll            |       |     3 ||     3
 Armour: Robe              |    29 |    41 ||    70
  Dodge: Dodged            |    15 |    17 ||    32

Table legend: (Time is in decaauts)
 A = Elapsed time spent in this place.
 B = Non-inter-level travel time spent in this place.
 C = Inter-level travel time spent in this place.
 D = Time resting spent in this place.
 E = Time spent auto-exploring this place.
 F = Levels seen in this place.
 G = Mean time per level.
                   A        B        C        D        E       F      G
               +--------+--------+--------+--------+--------+-----+--------+
         Total |   2856 |   2766 |     90 |    193 |   2084 |   4 |  714.0 |
       Dungeon |   2856 |   2766 |     90 |    193 |   2084 |   4 |  714.0 |
               +--------+--------+--------+--------+--------+-----+--------+

Top non-repeatable levels by time:
     D:3: 1128 daAuts
     D:1: 833 daAuts
     D:2: 765 daAuts
     D:4: 129 daAuts
